 Dungeon Crawl Stone Soup version 0.28.0-53-g5a82cb258f (webtiles) character file.

Game seed: 8484787147541159555

7206 Revguard the Fighter (level 10, -6/93 (97) HPs)
             Began as a Deep Dwarf Fighter on July 8, 2022.
             Was a Priest of Makhleb.
             Killed from afar by Josephine (18 damage)
             ... with a ghostly fireball
             ... on level 10 of the Dungeon.
             The game lasted 00:21:16 (7387 turns).

Revguard the Fighter (Deep Dwarf Fighter)           Turns: 7387, Time: 00:21:19

HP:   -6/93 (97)    AC: 14    Str: 19    XL:     10   Next: 87%
MP:   8/8           EV: 15    Int: 10    God:    Makhleb [***...]
Gold: 462           SH:  7    Dex: 22    Spells: 9/9 levels left

rFire   . . .      SeeInvis .   m - +9 club {Bonker}
rCold   . . .      Faith    .   c - +0 buckler
rNeg    . . .      Spirit   .   d - +3 chain mail {rPois}
rPois   +          Reflect  .   (no helmet)
rElec   .          Harm     .   p - +0 cloak {Stlth+}
rCorr   .          Rampage  .   (no gloves)
Will    +....                   (no boots)
Stlth   ..........              (no amulet)
HPRegen 0.00/turn               e - +4 ring of evasion
MPRegen 0.11/turn               t - +6 ring of dexterity

@: about to teleport, slowed, lightly drained, very slow
A: damage resistance, heal wounds, sense surroundings 2, no regeneration
a: Heal Wounds, Renounce Religion, Minor Destruction, Lesser Servant of Makhleb


You were on level 10 of the Dungeon.
You worshipped Makhleb.
Makhleb was most pleased with you.
You visited 2 branches of the dungeon, and saw 11 of its levels.

You collected 462 gold pieces.

Inventory:

Hand Weapons
 m - a +9 club (weapon) {Bonker}
Missiles
 z - a throwing net (quivered)
Armour
 c - a +0 buckler (worn)
 d - a +3 chain mail of poison resistance (worn)
 g - a +2 ring mail of cold resistance
 p - a +0 cloak of stealth (worn)
Jewellery
 e - a +4 ring of evasion (left hand)
 t - a +6 ring of dexterity (right hand)
Wands
 b - a wand of paralysis (4)
 h - a wand of polymorph (3)
 l - a wand of flame (35)
Scrolls
 o - a scroll of fear
 q - 4 scrolls of teleportation
 r - a scroll of summoning
 u - 3 scrolls of magic mapping
 v - 2 scrolls of identify
 y - 3 scrolls of amnesia
Potions
 f - 2 potions of flight
 i - 4 potions of brilliance
 j - 2 potions of lignification
 k - 3 potions of curing
 n - a potion of invisibility
 w - a potion of berserk rage


   Skills:
 * Level 8.3 Fighting
 + Level 6.7 Axes
 + Level 7.2 Armour
 + Level 6.3 Dodging
 + Level 7.3 Shields
 + Level 7.7 Invocations
 + Level 7.4 Evocations


You had 9 spell levels left.
You didn't know any spells.
Your spell library contained the following spells:

 Spells                   Type           Power      Damage    Failure   Level
 Scorch                   Fire           0%         2d5       100%        2
 Gell's Gravitas          Tloc           0%         N/A       100%        3
 Ignite Poison            Fire/Tmut/Pois 0%         N/A       100%        3
 Mephitic Cloud           Conj/Pois/Air  0%         N/A       100%        3
 Teleport Other           Tloc           0%         N/A       100%        3
 Flame Wave               Conj/Fire      0%         2d4       100%        4
 Freezing Cloud           Conj/Ice/Air   0%         6-21      100%        5
 Dispersal                Tloc           0%         N/A       100%        6
 Summon Cactus Giant      Summ           0%         N/A       100%        6


Dungeon Overview and Level Annotations

Branches:
Dungeon (10/15)            Temple (1/1) D:4
   Lair: D:8-11         Orc: D:9-12

Altars:
Ashenzari
Dithmenos
Elyvilon
Fedhas
Gozag
Hepliaklqana
Kikubaaqudgha
Makhleb
Nemelex Xobeh
Okawaru
Qazlal
Ru
Sif Muna
Trog
Uskayaw
Vehumet
Wu Jian
Xom
Yredelemnul
Zin
The Shining One

Annotations:
D:4 3 runed translucent doors, RUZZLEFAZAZZLE's ghost, novice GnWn; Shogun88's ghost, amateur GrBe; qipq's ghost, weakling DrEE
D:10 Josephine


Innate Abilities, Weirdness & Mutations

You are resistant to damage.
You can heal yourself by infusing magical energy.
You passively map the area around you.
You do not regenerate.


Message History

Aiming: Paralyse
Press: ? - help, Shift-Dir - straight line, f - Josephine
Aim: Josephine, wielding a +0 dagger and wearing a +0 robe (lightly wounded, ally target, chance to affect: 31%) Josephine easily resists.
The wraith barely misses you.
Your neqoxec closely misses the wraith.
The wraith hits you!
* * * LOW HITPOINT WARNING * * *
The wraith drains your vigour!
You feel as though you will be slow longer.
The wraith hits you but does no damage. You block Josephine's attack.
You block the wraith's attack. The wraith hits you!
* * * LOW HITPOINT WARNING * * *
The wraith drains your vigour!
You feel as though you will be slow longer.
Your neqoxec barely misses the wraith.
The wraith misses you.
Aiming: Paralyse
Press: ? - help, Shift-Dir - straight line, f/p - Josephine
Aim: Josephine, wielding a +0 dagger and wearing a +0 robe (lightly wounded, ally target, chance to affect: 31%) Josephine easily resists.
The wraith misses you. You block the wraith's attack.
Josephine closely misses you. The wraith hits you.
* * * LOW HITPOINT WARNING * * *
Your neqoxec hits the wraith. The wraith hits you but does no damage.
You block the wraith's attack. You block Josephine's attack.
You block the wraith's attack.
Aiming: Paralyse
Press: ? - help, Shift-Dir - straight line, f/p - Josephine
Aim: Josephine, wielding a +0 dagger and wearing a +0 robe (lightly wounded, ally target, chance to affect: 31%) Josephine easily resists.
You block the wraith's attack.
Your neqoxec hits the wraith but does no damage.
The wraith misses you. You block the wraith's attack.
Josephine barely misses you. The wraith hits you but does no damage.
Your neqoxec hits the wraith but does no damage.
The wraith closely misses you. The wraith hits you but does no damage.
As you read the scroll of teleportation, it crumbles to dust.
You feel strangely unstable. The wraith hits you.
* * * LOW HITPOINT WARNING * * *
The wraith hits you but does no damage. Josephine casts a spell at you.
The ghostly flame explodes!
The ghostly fireball engulfs you!!
You feel drained.
You die...

* ,,, , ,.. , ,*
*, ... *, , , ,,
.... * , .#
,...>#####+###.#
, ............(.#
* * * , , *
..............#,,
#......WW.?.... ,
, ,
#......@@?....#,
* *
###....≈3WW......
, ,
#......≈..##.#...
, #.........# ,#
,. ,
**#.........# ,
,, , *
+.........#* , ,
##..≈......#* , *
##..........##, ,
, #............#
* , ,*


You could see Josephine (ally target), 4 wraiths and a friendly neqoxec
(summoned).

Vanquished Creatures
  Erica (D:8)
  A two-headed ogre (D:9)
  Pikel (D:5)
  Maurice (D:8)
  4 slime creatures (D:8)
  Grum (D:10)
  A steam dragon (D:8)
  A wyvern (D:10)
  A water moccasin (D:6)
  Duvessa (D:5)
  An ice beast (D:8)
  3 orc warriors
  2 necrophages (D:6)
  2 sky beasts
  4 wolves (D:10)
  4 centaurs
  4 bullfrogs
  A wyvern zombie (D:6)
  A scorpion (D:6)
  A water moccasin zombie (D:6)
  Dowan (D:5)
  9 killer bees
  5 wights (D:9)
  3 howler monkeys (D:9)
  2 bullfrog zombies
  4 jellies
  7 orc priests
  4 hounds
  Jessica (D:3)
  A gnoll shaman (D:6)
  An iguana (D:5)
  8 orc wizards
  A killer bee zombie (D:5)
  A howler monkey zombie (D:8)
  7 gnolls
  2 adders
  A shadow imp (D:6)
  An ufetubus (D:7)
  A worm (D:3)
  3 dart slugs
  27 orcs
  5 ball pythons
  A bat (D:1)
  4 endoplasms
  4 giant cockroaches
  4 goblins
  7 hobgoblins
  4 jackals (D:5)
  3 kobolds
  3 frilled lizards
  2 rats
  A spectral kobold (D:1)
164 creatures vanquished.

Vanquished Creatures (collateral kills)
  A gargoyle (D:9)
  A gnoll sergeant (D:9)
  An orc wizard (D:9)
  A gnoll (D:9)
  An orc (D:9)
5 creatures vanquished.

Vanquished Creatures (others)
  An orc (D:6)
  4 withered plants (D:4)
5 creatures vanquished.

Grand Total: 174 creatures vanquished

Notes
Turn   | Place    | Note
-------+----------+-------------------------------------------
     0 | D:1      | Revguard the Deep Dwarf Fighter began the quest for the
                  | Orb.
     0 | D:1      | Reached XP level 1. HP: 20/20 MP: 1/1
   127 | D:1      | Reached XP level 2. HP: 20/27 MP: 0/2
   283 | D:1      | Found a faded altar of an unknown god.
   542 | D:1      | Reached skill level 3 in Fighting
   712 | D:2      | Reached skill level 1 in Evocations
   831 | D:2      | Reached XP level 3. HP: 34/34 MP: 3/3
   869 | D:2      | Reached skill level 1 in Invocations
  1235 | D:3      | Noticed Jessica
  1245 | D:3      | Killed Jessica
  1246 | D:3      | Reached skill level 1 in Dodging
  1246 | D:3      | Reached XP level 4. HP: 39/42 MP: 3/5
  1274 | D:3      | Found a sparkling altar of Nemelex Xobeh.
  1730 | D:4      | Found a staircase to the Ecumenical Temple.
  1736 | Temple   | Entered the Ecumenical Temple
  1836 | Temple   | Became a worshipper of Makhleb the Destroyer
  1966 | D:4      | Noticed a sky beast
  1987 | D:4      | Killed a sky beast
  1988 | D:4      | Reached XP level 5. HP: 13/49 MP: 6/6
  2199 | D:4      | Found a sacrificial altar of Ru.
  2286 | D:4      | Found a runed translucent gate.
  2286 | D:4      | Found a runed translucent gate.
  2287 | D:4      | Found a runed translucent gate.
  2288 | D:4      | Noticed qipq's ghost (weakling DrEE)
  2288 | D:4      | Noticed Shogun88's ghost (amateur GrBe)
  2288 | D:4      | Noticed RUZZLEFAZAZZLE's ghost (novice GnWn)
  2310 | D:4      | Noticed an orc warrior
  2331 | D:4      | Killed an orc warrior
  2332 | D:4      | Reached skill level 4 in Fighting
  2332 | D:4      | Reached XP level 6. HP: 46/57 MP: 6/8
  2926 | D:5      | Entered Level 5 of the Dungeon
  3035 | D:5      | Noticed a sky beast
  3047 | D:5      | Killed a sky beast
  3153 | D:5      | Noticed Pikel
  3179 | D:5      | Killed Pikel
  3180 | D:5      | Reached XP level 7. HP: 27/66 MP: 8/10
  3233 | D:5      | Noticed Duvessa
  3234 | D:5      | Noticed Dowan
  3268 | D:5      | Killed Duvessa
  3269 | D:5      | Reached skill level 5 in Fighting
  3269 | D:5      | Reached XP level 8. HP: 32/74 MP: 10/10
  3269 | D:5      | Reached * piety under Makhleb
  3285 | D:5      | Killed Dowan
  3763 | D:6      | Reached skill level 5 in Armour
  3763 | D:6      | Reached skill level 5 in Shields
  3820 | D:6      | Reached skill level 5 in Invocations
  3960 | D:6      | Reached skill level 6 in Fighting
  4019 | D:6      | Reached ** piety under Makhleb
  4033 | D:6      | Reached skill level 5 in Evocations
  4033 | D:6      | Gained mutation: You passively map the area around you.
                  | [Deep Dwarf growth]
  4033 | D:6      | Reached XP level 9. HP: 18/82 MP: 12/12
  4067 | D:6      | Found a shadowy altar of Dithmenos.
  4112 | D:6      | Reached skill level 5 in Axes
  4189 | D:6      | Found a shimmering blue altar of Sif Muna.
  4739 | D:7      | Found a glowing golden altar of the Shining One.
  4741 | D:7      | Found a glowing silver altar of Zin.
  4747 | D:7      | Found a bloodstained altar of Trog.
  4979 | D:8      | Noticed Erica
  4991 | D:8      | Killed Erica
  4992 | D:8      | Reached skill level 7 in Fighting
  4992 | D:8      | Reached skill level 5 in Dodging
  5001 | D:8      | Noticed Maurice
  5009 | D:8      | Killed Maurice
  5058 | D:8      | Reached XP level 10. HP: 29/94 MP: 10/12
  5303 | D:8      | Found an ancient bone altar of Kikubaaqudgha.
  5960 | D:9      | Found an ornate altar of the Wu Jian Council.
  6284 | D:9      | Noticed a two-headed ogre
  6303 | D:9      | Killed a two-headed ogre
  6303 | D:9      | Reached *** piety under Makhleb
  6304 | D:9      | Reached skill level 8 in Fighting
  6653 | D:9      | Noticed a gargoyle
  6662 | D:9      | Killed a gargoyle
  6930 | D:10     | Entered Level 10 of the Dungeon
  7020 | D:10     | Noticed Grum
  7054 | D:10     | Killed Grum
  7337 | D:10     | Found a broken altar of Ashenzari.
  7376 | D:10     | Noticed Josephine
  7387 | D:10     | Killed from afar by Josephine

Illustrated notes

Levels and vault maps discovered:
D:1:      amcnicky_arrival_wind_blow, layout_basic,
          dreamdust_ecumenical_altar_drowned_temple
D:2:      layout_loops_cross
D:3:      layout_basic, mainiacjoe_overflow_small_starburst, uniq_jessica
D:4:      layout_basic, nicolae_ru_awakened_eye,
          minmay_temple_entry_enclosed_plants, gammafunk_ghost_cemetery,
          corexii_leaking_fountain
D:5:      wander_river, layout_gridville, grunt_ministairs_15,
          minmay_misc_feat_nine_boxes, uniq_pikel, uniq_duvessa
D:6:      layout_basic, led_sif_book, grunt_dithmenos_shadows
D:7:      layout_rooms, minitemple
D:8:      layout_layer_cave, mainiacjoe_overflow_24_doors, uniq_erica,
          uniq_maurice
D:9:      layout_loops_corners, nzn_wu_jian_contemplation
D:10:     layout_basic, slow_altar_2, mainiacjoe_overflow_surrounded_room,
          david_lair_generic, uniq_josephine, uniq_grum
Temple:   minmay_temple_curvy_loop

Skill      XL: |  1  2  3  4  5  6  7  8  9 10 |
---------------+-------------------------------+-----
Fighting       | 3 4 5 6 7 8 |  8.3
Evocations     | 1 2 3 5 6 7 |  7.4
Invocations    | 1 2 4 5 6 7 |  7.7
Dodging        | 1 2 3 4 5 6 |  6.3
Axes           | 3 4 5 6 |  6.7
Armour         | 4 5 6 7 |  7.2
Shields        | 4 5 6 7 |  7.3

Action                   |  1- 3 |  4- 6 |  7- 9 | 10-12 || total
-------------------------+-------+-------+-------+-------++-------
Melee: War axe           |    72 |       |       |       ||    72
       Club              |       |   113 |   315 |   254 ||   682
Throw: Throwing net      |       |       |       |     1 ||     1
Invok: Lesser Servant of |       |       |       |     2 ||     2
 Abil: Heal Wounds       |     1 |     4 |    13 |    15 ||    33
Evoke: Wand              |       |       |    12 |     3 ||    15
  Use: Scroll            |       |     5 |     9 |     4 ||    18
       Potion            |       |     7 |       |     1 ||     8
 Stab: Held in net/web   |       |       |       |     1 ||     1
Armor: Scale mail        |    13 |       |       |       ||    13
       Ring mail         |    24 |    29 |       |       ||    53
       Skin              |       |     5 |       |    10 ||    15
       Chain mail        |       |    43 |   138 |    97 ||   278
Dodge: Dodged            |    41 |    77 |   209 |   162 ||   489
Block: Buckler           |    20 |    42 |   118 |   106 ||   286
